 Dungeon Crawl Stone Soup version 0.28.0-53-g5a82cb258f (webtiles) character file.

Game seed: 6842951288046598890

133 H0rd4k the Charlatan (level 5, -1/38 HPs)
             Began as a Human Artificer on June 23, 2022.
             Killed by divine providence
             ... invoked by an orc priest
              (10 damage)
             ... on level 3 of the Dungeon.
             The game lasted 00:03:08 (4565 turns).

H0rd4k the Charlatan (Human Artificer)              Turns: 4565, Time: 00:03:09

Health: -1/38      AC:  4    Str: 13    XL:     5   Next: 40%
Magic:  5/5        EV: 12    Int: 13    God:
Gold:   85         SH:  0    Dex: 13    Spells: 4/4 levels left

rFire   . . .      SeeInvis .   a - +0 club
rCold   . . .      Faith    .   (no shield)
rNeg    . . .      Spirit   .   b - +0 leather armour
rPois   .          Reflect  .   (no helmet)
rElec   .          Harm     .   k - +0 cloak
rCorr   .          Rampage  .   (no gloves)
Will    .....                   (no boots)
Stlth   +.........              (no amulet)
HPRegen 0.12/turn               (no ring)
MPRegen 0.09/turn               (no ring)

@: no status effects
A: no striking features
a: no special abilities


You were on level 3 of the Dungeon.
You visited 1 branch of the dungeon, and saw 3 of its levels.

You collected 85 gold pieces.

Inventory:

Hand Weapons
 a - a +0 club (weapon)
Armour
 b - a +0 leather armour (worn)
 k - a +0 cloak (worn)
Wands
 c - a wand of flame (8) (quivered)
 d - a wand of charming (9)
Scrolls
 f - a scroll of teleportation {unknown}
 g - a scroll of vulnerability {unknown}
 h - a scroll of immolation {unknown}
 j - a scroll of identify {unknown}
Potions
 i - a potion of curing {unknown}
 l - a potion of lignification {unknown}
Miscellaneous
 e - a piece from Xom's chessboard (15/15)


   Skills:
 + Level 2.0 Fighting
 + Level 2.3 Maces & Flails
 - Level 2.0 Armour
 + Level 2.3 Dodging
 - Level 1.0 Stealth
 + Level 4.0 Evocations


You had 4 spell levels left.
You didn't know any spells.
Your spell library contained the following spells:

 Spells                   Type           Power      Damage    Failure   Level
 Magic Dart               Conj           0%         1d3       36%         1
 Searing Ray              Conj           0%         2d4       52%         2
 Fulminant Prism          Conj/Hex       0%         3d6       98%         4


Dungeon Overview and Level Annotations

Branches:
Dungeon (3/15)

Altars:

Shops:
D:2 *


Message History

The worm barely misses you.
You barely miss the worm.
The worm is almost dead.
You hit the worm.
You kill the worm!
An orc comes into view. It is wielding a +0 mace.
An orc is nearby!
An orc is nearby!
Saving game... please wait.
Welcome back, H0rd4k the Human Artificer.
Press ? for a list of commands and other information.
The orc misses you.
You hit the orc.
The orc is severely wounded.
The orc hits you with a +0 mace.
You hit the orc but do no damage.
The orc is severely wounded.
An orc comes into view. It is wielding a +0 trident.
The orc hits you but does no damage.
You barely miss the orc.
The orc is severely wounded.
The orc shouts! x2
The orc hits you with a +0 mace.
An orc priest comes into view. It is wielding a +0 flail.
The orc hits you with a +0 mace.
You hit the orc but do no damage.
The orc is severely wounded.
The orc hits you with a +0 mace.
You hit the orc but do no damage.
The orc is severely wounded.
An orc comes into view. It is wielding a +0 falchion.
The orc barely misses you.
The orc shouts!
The orc hits you but does no damage. The orc hits you with a +0 mace.
* * * LOW HITPOINT WARNING * * *
The orc priest closely misses you. The orc completely misses you.
The orc priest mumbles some strange prayers to Beogh against you.
Beogh smites you!
You die...

##### ...# #####.##
#......########
#.............# .
#.......#####.#####..
#.......# #.........
#...o...# #.........
#..oo@..# #.........
#..o....# #.......#.
#......<####.......#
..o.......##........##
....###+#.##........#
.....# #.##<.......#
.....# #.##........#
....# #.##........#
#.##[.......#


You could see an orc priest and 4 orcs.

Vanquished Creatures
  A gnoll (D:2)
  4 adders (D:2)
  A worm (D:3)
  A dart slug (D:1)
  2 orcs
  4 bats
  7 endoplasms
  6 goblins
  2 hobgoblins
  6 jackals
  2 quokkas (D:1)
  4 ball pythons
  3 frilled lizards (D:1)
  3 kobolds
  3 rats (D:1)
49 creatures vanquished.

Vanquished Creatures (collateral kills)
  3 gnolls (D:2)
  A rat (D:2)
4 creatures vanquished.

Vanquished Creatures (others)
  3 gnolls (D:2)
3 creatures vanquished.

Grand Total: 56 creatures vanquished

Notes
Turn   | Place    | Note
-------+----------+-------------------------------------------
     0 | D:1      | H0rd4k the Human Artificer began the quest for the Orb.
     0 | D:1      | Reached XP level 1. HP: 15/15 MP: 1/1
   502 | D:1      | Reached XP level 2. HP: 20/21 MP: 2/2
  1239 | D:1      | Found a faded altar of an unknown god.
  1339 | D:1      | Reached XP level 3. HP: 25/26 MP: 3/3
  1942 | D:2      | Reached skill level 1 in Maces & Flails
  2003 | D:2      | Reached XP level 4. HP: 16/32 MP: 4/4
  2176 | D:2      | Found Faiwin's Assorted Antiques.
  3751 | D:2      | Reached skill level 4 in Evocations
  3751 | D:2      | Reached XP level 5. HP: 11/38 MP: 5/5
  4565 | D:3      | Killed from afar by an orc priest

Illustrated notes

Levels and vault maps discovered:
D:1:      dpeg_arrival_tiny_a, layout_loops_corners,
          shapermc_ecumenical_altar_mp_vishouse
D:2:      layout_loops_corners, serial_shops, shop, minmay_pentomino_t4
D:3:      layout_basic, lemuel_tele_altar,
          mainiacjoe_overflow_concentric_impassable, st_stairs_7

Skill      XL: |  1  2  3  4  5 |
---------------+----------------+-----
Maces & Flails | 1 2 |  2.3
Dodging        | 2 |  2.3
Evocations     | 4 |  4.0
Fighting       | 2 |  2.0
Armour         | |  2.0
Stealth        | |  1.0

Action                   |  1- 3 |  4- 6 || total
-------------------------+-------+-------++-------
Melee: Club              |   113 |   183 ||   296
       Punch             |       |     2 ||     2
Evoke: Wand              |     4 |     9 ||    13
 Stab: Sleeping          |     4 |     1 ||     5
       Distracted        |       |     1 ||     1
Armor: Leather armour    |    37 |    44 ||    81
Dodge: Dodged            |    86 |   148 ||   234
